 Dungeon Crawl Stone Soup version 0.29-a0-334-gb41bcbb86e (webtiles) character file.

Game seed: 15937941585305882676

11 spaghetti the Digger (level 2, 12/19 HPs)
             Began as a Demonspawn Earth Elementalist on Apr 14, 2022.
             Quit the game on level 1 of the Dungeon.
             The game lasted 00:01:31 (455 turns).

spaghetti the Digger (Demonspawn Earth Elementalist) Turns: 455, Time: 00:01:32

Health: 12/19      AC:  2    Str:  8    XL:     2   Next: 13%
Magic:  0/5        EV: 12    Int: 16    God:
Gold:   26         SH:  0    Dex: 13    Spells: 4/5 levels left

rFire   . . .      SeeInvis .   f - +0 dagger {short}
rCold   . . .      Faith    .   (no shield)
rNeg    . . .      Spirit   .   b - +0 robe
rPois   .          Reflect  .   (no helmet)
rElec   .          Harm     .   (no cloak)
rCorr   .          Rampage  .   (no gloves)
Will    .....                   (no boots)
Stlth   ++........              (no amulet)
HPRegen 0.06/turn               (no ring)
MPRegen 0.09/turn               (no ring)

@: no status effects
A: foul stench 1
a: no special abilities


You were on level 1 of the Dungeon.
You visited 1 branch of the dungeon, and saw 1 of its levels.

You collected 26 gold pieces.


Innate Abilities, Weirdness & Mutations

You may rarely emit foul miasma when damaged in melee.


   Skills:
 - Level 1.7 Dodging
 - Level 1.7 Stealth
 - Level 2.0 Spellcasting
 - Level 0.8 Transmutations
 - Level 2.6 Earth Magic
 * Level 2.5 Invocations


You had 4 spell levels left.
You knew the following spells:

 Your Spells              Type           Power      Damage    Failure   Level
a - Sandblast             Erth           20%        2d7       7%          1

Your spell library contained the following spells:

 Spells                   Type           Power      Damage    Failure   Level
 Passwall                 Tmut/Erth      5%         N/A       16%         2
 Wereblood                Tmut           4%         N/A       22%         2
 Sublimation of Blood     Necr           1%         N/A       30%         2
 Stone Arrow              Conj/Erth      10%        3d7       34%         3
 Petrify                  Tmut/Erth      7%         N/A       69%         4
 Summon Hydra             Summ           0%         N/A       100%        7

Inventory:

Hand Weapons
 e - a +0 dagger {short}
   (You found it on level 1 of the Dungeon)
 f - a +0 dagger (weapon) {short}
   (You took it off a goblin on level 1 of the Dungeon)
 g - a +0 club {mace}
   (You took it off a kobold on level 1 of the Dungeon)
Missiles
 a - 16 stones {throwing}
Armour
 b - a +0 robe (worn)
Potions
 c - a potion of magic
 d - a potion of haste {unknown}

Dungeon Overview and Level Annotations

Branches:
Dungeon (1/15)

Altars:

..! ..# # .. ###
##$##.##?##.#
#$.......[ .#
#.......##.#
.#....l..#..#
....†.g@b...#
...#..g#.)..#####
#...#.........
##$##..#####.
###...##
......#.†#
.#.#####.# # #.##
#####..####.#


You could see 2 goblins, a bat and a frilled lizard.


Message History

Confirm with . or Enter, or press ? or * to list all spells.
You don't have enough magic to cast this spell.
Unknown command.
You hit the quokka but do no damage. The quokka misses you.
You completely miss the quokka. The quokka bites you. 😕 HP[-2]
You take 2 damage, and now have 11/13 hp.
You hit the quokka. The quokka barely misses you.
The quokka closely misses you.
You hit the quokka.
You kill the quokka!
You have reached level 2!
Your demonic ancestry asserts itself...
You begin to emit a foul stench of rot and decay. 😕 HP[+6]
You now have 19 max hp (+6).
You regained 6 hp, and now have 17/19 hp.
Your magical contamination has completely faded away.
A kobold comes into view. It is wielding a +0 short sword.
The kobold shouts!
You hear an angry hiss.
You hear a shout!
You see here a quokka corpse. 😎 HP[+2] MP[+5]
Your hp is fully restored (19).
Your mp is fully restored (5).
A kobold is nearby!
A kobold is nearby!
A kobold is nearby!
A kobold is nearby!
A goblin comes into view. It is wielding a +0 dagger.
Casting: Sandblast (safe; 7% risk of failure)
Confirm with . or Enter, or press ? or * to list all spells.
You can't see any susceptible monsters within range! (Use Z to cast anyway.)
A kobold comes into view. It is wielding a +0 whip.
Casting: Sandblast (safe; 7% risk of failure)
Confirm with . or Enter, or press ? or * to list all spells.
Aiming: Sandblast (safe; 7% risk of failure)
Press: ? - help, Shift-Dir - straight line, f - kobold
Aim: a kobold, wielding a +0 short sword (74% to hit)
The blast of sand hits the kobold!
You kill the kobold!
A bat comes into view.
The kobold throws a stone.
The stone hits you.
The bat moves out of view. 😕 HP[-1] MP[-1]
You take 1 damage, and now have 18/19 hp.
You lost 1 mp, and now have 4/5 mp.
Casting: Sandblast (safe; 7% risk of failure)
Confirm with . or Enter, or press ? or * to list all spells.
You can't see any susceptible monsters within range! (Use Z to cast anyway.)
A goblin, a frilled lizard and a ball python come into view.
The ball python hisses angrily.
A ball python comes into view.
The kobold throws a stone.
The stone hits you but does no damage.
The ball python moves out of view.
The goblin shouts!
The ball python hisses angrily.
The bat hits you but does no damage.
Casting: Sandblast (safe; 7% risk of failure)
Confirm with . or Enter, or press ? or * to list all spells.
Aiming: Sandblast (safe; 7% risk of failure)
Press: ? - help, Shift-Dir - straight line, f - kobold
Aim: a kobold, wielding a +0 whip and quivering stones (74% to hit)
The blast of sand misses the kobold.
The blast of sand hits the ball python!
You kill the ball python!
The bat hits you.
The kobold closely misses you. 😕 HP[-1] MP[-1]
You take 1 damage, and now have 17/19 hp.
You lost 1 mp, and now have 3/5 mp.
Casting: Sandblast (safe; 7% risk of failure)
Confirm with . or Enter, or press ? or * to list all spells.
Aiming: Sandblast (safe; 7% risk of failure)
Press: ? - help, Shift-Dir - straight line, f/p - kobold
Aim: a kobold, wielding a +0 whip and quivering stones (74% to hit)
The blast of sand hits the kobold but does no damage.
The bat barely misses you. The kobold misses you.
The frilled lizard bites you. 😕 HP[-2] MP[-1]
You take 2 damage, and now have 15/19 hp.
You lost 1 mp, and now have 2/5 mp.
Casting: Sandblast (safe; 7% risk of failure)
Confirm with . or Enter, or press ? or * to list all spells.
Aiming: Sandblast (safe; 7% risk of failure)
Press: ? - help, Shift-Dir - straight line, f/p - kobold
Aim: a kobold, wielding a +0 whip and quivering stones (74% to hit)
The blast of sand hits the kobold.
You kill the kobold!
The frilled lizard bites you but does no damage.
The bat closely misses you. The goblin barely misses you. 😕 MP[-1]
You lost 1 mp, and now have 1/5 mp.
Casting: Sandblast (safe; 7% risk of failure)
Confirm with . or Enter, or press ? or * to list all spells.
Aiming: Sandblast (safe; 7% risk of failure)
Press: ? - help, Shift-Dir - straight line, f - ball python
Aim: a ball python (77% to hit)
The blast of sand hits the ball python!
You kill the ball python!
The bat hits you but does no damage. The frilled lizard barely misses you.
The goblin hits you with a +0 club. 😮 HP[-3] MP[-1]
You take 3 damage, and now have 12/19 hp.
You lost 1 mp, and now have 0/5 mp.
Unknown command.
Are you sure you want to abandon this character and quit the game? (Confirm with "yes".)

Skill      XL: |  1 |
---------------+----+-----
Invocations    | 2 |  2.5
Dodging        | |  1.7
Stealth        | |  1.7
Spellcasting   | |  2.0
Transmutations | |  0.8
Earth Magic    | |  2.6

Action                   || total
-------------------------++-------
Melee: Dagger            ||    14
 Cast: Sandblast         ||    17
Armor: Robe              ||     5
Dodge: Dodged            ||    20

Levels and vault maps discovered:
D:1:      ebering_trefoil_3fold, layout_basic,
          ebering_ecumenical_altar_sacrificial, minmay_three_crescents

Notes
Turn   | Place    | Note
-------+----------+-------------------------------------------
     0 | D:1      | spaghetti the Demonspawn Earth Elementalist began the quest
                  | for the Orb.
     0 | D:1      | Reached XP level 1. HP: 13/13 MP: 3/3
     0 | D:1      | magus.rc [v1.9.6]
    49 | D:1      | Found a faded altar of an unknown god.
    60 | D:1      | You pick up a book of Blood and begin reading...
    60 | D:1      | You add the spells Sublimation of Blood, Wereblood and
                  | Summon Hydra to your library.
    92 | D:1      | Reached skill level 1 in Invocations
   181 | D:1      | Reached skill level 2 in Invocations
   395 | D:1      | Gained mutation: You may rarely emit foul miasma when
                  | damaged in melee. [demonic ancestry]
   395 | D:1      | Reached XP level 2. HP: 17/19 MP: 0/5
   455 | D:1      | Quit the game

Vanquished Creatures
  A giant cockroach (D:1)
  A goblin (D:1)
  A hobgoblin (D:1)
  3 kobolds (D:1)
  A quokka (D:1)
  2 ball pythons (D:1)
  2 rats (D:1)
11 creatures vanquished.

Table legend:
 A = Non-vault XP
 B = Vault XP
 C = Vault XP percentage of total XP
 D = Non-vault monster count
 E = Vault monster count
 F = Vault count percentage of total count
                 A         B        C        D         E       F
            +---------+---------+-------+---------+---------+-------
      Total |      13 |       3 |  18.8 |       8 |       3 |  27.3
            +---------+---------+-------+---------+---------+-------
        D:1 |      13 |       3 |  18.8 |       8 |       3 |  27.3
            +---------+---------+-------+---------+---------+-------

Illustrated notes

Table legend:
 A = Kills in this place as a percentage of kills in entire the game.
 B = Kills by you in this place as a percentage of kills by you in the entire game.
 C = Kills by friends in this place as a percentage of kills by friends in the entire game.
 D = Other kills in this place as a percentage of other kills in the entire game.
 E = Experience gained in this place as a percentage of experience gained in the entire game.
 F = Experience gained in this place divided by the number of levels of this place that you have seen.
                   A       B       C       D       E      F
               +-------+-------+-------+-------+-------+----------------------
         Total | 100.0 | 100.0 |   N/A |   N/A | 100.0 |  16.0
       Dungeon | 100.0 | 100.0 |   N/A |   N/A | 100.0 |  16.0
               +-------+-------+-------+-------+-------+----------------------

Table legend: (Time is in decaauts)
 A = Elapsed time spent in this place.
 B = Non-inter-level travel time spent in this place.
 C = Inter-level travel time spent in this place.
 D = Time resting spent in this place.
 E = Time spent auto-exploring this place.
 F = Levels seen in this place.
 G = Mean time per level.
                   A        B        C        D        E       F      G
               +--------+--------+--------+--------+--------+-----+--------+
         Total |    454 |    454 |      0 |     35 |    354 |   1 |  454.0 |
       Dungeon |    454 |    454 |      0 |     35 |    354 |   1 |  454.0 |
               +--------+--------+--------+--------+--------+-----+--------+

Top non-repeatable levels by time:
     D:1: 454 daAuts
